Map: Apotheosis LE

Players

Neeb - Winner!

  • Race: Protoss Protoss
  • League: Master

Pokebunny

  • Race: Terran Terran
  • League: Grandmaster

VOD

Have the link to the VOD?

Description

2 Base learn

Time

  • Played on: Aug. 30, 2016, 6:19 p.m.
  • Length: 5:58
Show
View Real Time Build Order
Export as new Build Order

Neeb Protoss - Winner!

Build Orders: 1 Gate Expand 

Get SALT Encoding   

  12  0:00  Probe (Chrono Boost)  
  13  0:11  Probe (Chrono Boost)  
  14  0:18  Pylon  
  14  0:22  Probe (Chrono Boost)  
  15  0:36  Probe (Chrono Boost), Gateway  
  16  0:47  Probe (Chrono Boost)  
  16  0:48  Assimilator  
  17  0:57  Probe (Chrono Boost)  
  18  1:08  Probe (Chrono Boost)  
  19  1:18  Nexus  
  19  1:23  Probe (Chrono Boost)  
  20  1:34  Cybernetics Core  
  20  1:37  Probe (Chrono Boost)  
  21  1:43  Assimilator  
  21  1:47  Probe (Chrono Boost)  
  21  1:50  Pylon  
  22  1:59  Probe (Chrono Boost)  
  23  2:10  Mothership Core (Chrono Boost), Warp Gate  
  23  2:15  Adept  
  28  2:30  Probe (Chrono Boost)  
  28  2:32  Probe (Chrono Boost)  
  29  2:42  Probe x2 (Chrono Boost), Adept  
  33  2:53  Probe (Chrono Boost), Robotics Facility  
  33  2:54  Probe (Chrono Boost)  
  35  3:03  Probe (Chrono Boost)  
  37  3:06  Probe (Chrono Boost)  
  37  3:11  Sentry  
  39  3:14  Pylon  
  39  3:17  Gateway  
  39  3:19  Gateway  
  39  3:36  Immortal  
  43  3:50  Pylon  
  43  3:59  Pylon  
  43  4:11  Immortal  
  43  4:16  Stalker x2  
  47  4:17  Adept  
  43  4:35  Pylon  
  43  4:40  Stalker x2  
  43  4:41  Adept  
  47  4:56  Immortal  
  37  5:07  Adept  
  39  5:15  Stalker  
  39  5:24  Stalker  
  37  5:32  Stalker  
  35  5:39  Stalker  
Show
View Real Time Build Order
Export as new Build Order

Pokebunny Terran 

Build Orders: 1/1/1 

Get SALT Encoding   

  12  0:00  SCV  
  13  0:12  SCV  
  14  0:18  Supply Depot  
  14  0:25  SCV  
  15  0:32  Refinery  
  15  0:40  SCV  
  16  0:50  Barracks  
  16  0:52  SCV  
  17  0:59  Refinery  
  17  1:04  SCV  
  18  1:16  SCV  
  19  1:38  Factory, Orbital Command, Barracks Reactor  
  19  1:48  Supply Depot  
  19  2:05  SCV  
  20  2:15  Marine x2  
  21  2:18  SCV  
  23  2:23  Factory Tech Lab, Starport  
  23  2:32  Supply Depot  
  23  2:33  Marine  
  23  2:34  Marine  
  25  2:43  Siege Tank  
  28  2:51  Marine  
  28  2:52  Marine  
  30  3:00  Medivac  
  30  3:02  SCV  
  33  3:06  Supply Depot  
  33  3:10  Marine  
  35  3:21  Siege Tank  
  35  3:25  Marine  
  38  3:43  Medivac, Marine x2  
  41  3:53  Siege Tank  
  43  4:04  Marine x2  
  45  4:12  Bunker  
  44  4:22  Marine x2  
  40  4:34  Siege Tank  
  42  4:40  Marine x2  
  44  4:49  Liberator  
  43  4:58  Marine x2  
  39  5:16  Cyclone, Marine x2  
  35  5:37  Marine x2  
  36  5:52  Barracks  
Tags
 
Add a new tag
Caveats
  • Supply blocks, unpowered buildings, or Contaminate may cause inaccurate times.
  • Supply counts are checked every 10 seconds.